 Dungeon Crawl Stone Soup version 0.17-a0-389-g4a39274 (webtiles) character file.

11134 ajon the Basher (level 11, -1/72 HPs)
             Began as a Demonspawn Warper on Apr 2, 2015.
             Was a Priest of Makhleb.
             Slain by a gargoyle
             ... wielding a +1 mace of crushing
              (5 damage)
             ... in a volcano.
             The game lasted 01:01:15 (14403 turns).

ajon the Basher (Demonspawn Warper)                Turns: 14403, Time: 01:01:15

Health: -1/72      AC:  6    Str: 13    XL:     11   Next: 45%
Magic:  25/26      EV: 14    Int: 19    God:    Makhleb [***...]
Gold:   662        SH:  0    Dex: 14    Spells: 7 memorised, 6 levels left

rFire  + . .     SeeInvis .     L - +1 whip (freeze)
rCold  + . .     Clarity  .     A - +1 robe "Dyisud" {MP+9 Slay+3}
rNeg   + . .     SustAb   .     (no shield)
rPois  .         Gourm    .     (no helmet)
rElec  .         Spirit   .     n - +2 cloak
rCorr  .         Warding  .     (no gloves)
rMut   .         Stasis   .     (boots unavailable)
MR     .....                    (no amulet)
Stlth  +.........               u - ring of protection from fire
                                g - ring of positive energy

@: very slightly contaminated, hasted, invisible, very quick, not resistant to
hostile enchantments, very unstealthy
A: talons 3, repulsion field 1, agile 1, clever 1, cold resistance 1, evolution
1, freezing cloud immunity
a: Minor Destruction, Lesser Servant of Makhleb, Renounce Religion


You were in a volcano.
You worshipped Makhleb.
Makhleb was most pleased with you.
You were hungry.

You visited 3 branches of the dungeon, and saw 12 of its levels.
You also visited: Bailey and Volcano.

You collected 710 gold pieces.
You spent 48 gold pieces at shops.

Inventory:

Hand weapons
 w - a +2 whip of venom
 L - a +1 whip of freezing (weapon)
Missiles
 b - 26 tomahawks of returning (quivered)
 d - 10 javelins
 v - 24 tomahawks
Armour
 n - a +2 cloak (worn)
 q - a +2 leather armour of poison resistance
 A - the +1 robe "Dyisud" (worn) {MP+9 Slay+3}
   (You found it on level 5 of the Dungeon)

   It affects your accuracy and damage with ranged weapons and melee attacks
   (+3).
   It affects your magic capacity (+9).
 S - a +2 shield
Jewellery
 a - an uncursed amulet of stasis
 g - a ring of positive energy (left hand)
 u - a ring of protection from fire (right hand)
 K - a cursed ring of teleportation {unknown}
Magical devices
 c - a wand of teleportation (7)
 e - a wand of invisibility (5)
 p - a wand of cold (7)
 G - a wand of lightning (8)
 H - a wand of invisibility (3)
 I - a wand of teleportation (4)
Scrolls
 h - 4 scrolls of enchant armour
 k - 2 scrolls of remove curse
 r - 3 scrolls of fog
 t - a scroll of torment
 B - a scroll of fear {unknown}
 R - a scroll of immolation {unknown}
 U - 2 scrolls of amnesia {unknown}
Potions
 m - a potion of mutation
 x - 2 potions of might
 O - a potion of cancellation
Books
 l - a book of Enchantments

   Spells                             Type                      Level
   a - Tukima's Dance                 Hexes                        3
   b - Cause Fear                     Hexes                        4
   c - Silence                        Hexes/Air                    5
   d - Deflect Missiles               Charms/Air                   6
   e - Haste                          Charms                       6
   f - Discord                        Hexes                        8
 M - a book of Transfigurations

   Spells                             Type                      Level
   a - Stoneskin                      Transmutation/Earth          2
   b - Irradiate                      Conjuration/Transmutation    5
   c - Statue Form                    Transmutation/Earth          6
   d - Hydra Form                     Transmutation                6
   e - Dragon Form                    Transmutation                7
 P - a book of Spatial Translocations

   Spells                             Type                      Level
   a - Apportation                    Translocation                1
   b - Blink                          Translocation                2
   c - Shroud of Golubria             Charms/Translocation         2
   d - Portal Projectile              Translocation                3
   e - Teleport Other                 Translocation                3
   f - Passage of Golubria            Translocation                4
Comestibles
 f - 5 bread rations
 i - 6 slices of pizza


   Skills:
 * Level 2.0 Fighting
 - Level 13.0 Maces & Flails
 - Level 0.8 Throwing
 - Level 0.8 Armour
 - Level 1.7 Dodging
 - Level 6.7 Spellcasting
 - Level 6.7 Translocations
 - Level 1.3 Earth Magic
 - Level 7.0 Invocations


You had 6 spell levels left.
You knew the following spells:

 Your Spells              Type           Power        Failure   Level  Hunger
a - Apportation           Tloc           ####......   1%          1    None
b - Blink                 Tloc           N/A          1%          2    None
c - Shroud of Golubria    Chrm/Tloc      ###.......   4%          2    None
d - Portal Projectile     Tloc           ####..       1%          3    ##.....
e - Teleport Other        Tloc           ####....     1%          3    ##.....
f - Passage of Golubria   Tloc           N/A          10%         4    ####...
g - Stoneskin             Trmt/Erth      #.......     14%         2    None


Dungeon Overview and Level Annotations

Branches:
Dungeon (10/15)            Temple (1/1) D:7            Lair (1/8) D:10
    Orc: D:9-12

Altars:
Ashenzari
Cheibriados
Dithmenos
Elyvilon
Fedhas
Gozag
Kikubaaqudgha
Makhleb
Nemelex Xobeh
Okawaru
Qazlal
Ru
Sif Muna
Trog
Vehumet
Xom
Yredelemnul
Zin
The Shining One

Shops:
D:9 *

Annotations:
D:3 Gunnerkreig's ghost, average DEFE


Innate Abilities, Weirdness & Mutations

You have claws for feet.
You are surrounded by a mild repulsion field (EV +2).
Your flesh is cold resistant.
You are immune to freezing clouds.
You are agile. (Dex +2)
Your mind is acute. (Int +2)
You evolve.


Message History

Your smoke demon completely resists.
Your smoke demon hits the molten gargoyle but does no damage. x3
The molten gargoyle barely misses something.
There is a large open door here.
You catch the helpless gargoyle completely off-guard!
You whack the gargoyle! You freeze the gargoyle.
You claw the gargoyle, but do no damage.
The gargoyle is heavily damaged.
You hit the gargoyle. You freeze the gargoyle.
You claw the gargoyle, but do no damage.
The gargoyle is heavily damaged.
A molten gargoyle comes into view. It is wielding a mace.
Found four items.
You hit the gargoyle. You freeze the gargoyle.
You claw the gargoyle, but do no damage.
The gargoyle is almost destroyed.
The gargoyle hits you with a mace of crushing!
* * * LOW HITPOINT WARNING * * *
Your shroud falls apart!
You die...

§§§≈.# .#.8_8.#..∩.#.§≈≈≈≈§≈§ §
≈≈§§.# #.....#....#..§§≈≈§§≈ §
≈§§≈.###''###'###''###.§§§≈§≈≈≈ ≈
§≈§§§#......#.#......#.§§§≈≈§≈≈≈≈
≈≈§§.######.#.#.######.≈≈≈≈≈≈≈≈§≈
≈≈≈§.# #.#.#$[$.#§§≈≈≈≈≈§≈§§
§≈≈§.# #.#.#$!$.#.§§≈§≈≈§≈§≈
≈≈§§.# #.#.#)$9.#§§≈≈§§§≈≈≈≈
≈≈≈≈.# #.#.@9...#E§§≈≈≈≈§≈§≈
≈≈≈≈.########'########§≈≈§§§≈§≈§≈
≈≈≈≈§............§..§§§≈§§§§§≈≈§§
≈≈≈§§§≈≈≈≈≈≈§≈≈≈≈≈≈§§§§≈≈≈§§≈≈≈≈≈
≈≈≈§§§§≈≈≈§§§§≈§§§§§≈§§§≈§§§≈≈≈§≈
≈≈≈≈≈§§§§§§§≈§§≈≈§≈≈≈§§§≈≈§§§≈≈§≈
≈§≈≈§§≈≈§≈§≈§§§≈≈§≈≈§§§≈§§§§≈≈≈§≈
≈§≈≈§§≈≈≈≈≈§≈§§≈§≈≈≈≈§§≈§§§≈≈≈≈≈≈
§§§≈≈≈≈≈≈§≈≈≈§≈≈≈...≈≈≈≈§§§≈§§≈§§


You could see a molten gargoyle (dormant) and a gargoyle.

Vanquished Creatures
  Erica (D:8)
  Pikel (D:8)
  2 orc knights (Bailey)
  A cyclops (D:9)
  Maurice (D:8)
  Joseph (D:8)
  A fire drake (D:10)
  A troll (D:9)
  Grinder (D:6)
  A two-headed ogre (D:8)
  A deep elf mage (D:9)
  3 yaks (D:9)
  A fire elemental (Volcano)
  2 hogs (D:9)
  A fire bat (Volcano)
  A wyvern (D:9)
  A human (D:9)
  2 hippogriffs (D:8)
  A hungry ghost (D:7)
  2 water moccasins
  2 sky beasts
  6 orc warriors
  A black bear (D:7)
  A phantom (D:5)
  3 ogres
  3 slaves
  A necrophage (D:7)
  3 ice beasts
  An ice beast (shapeshifter) (D:9)
  2 centaurs
  A crocodile (D:9)
  2 giant frogs
  A gnoll sergeant (D:7)
  5 scorpions
  11 killer bees (D:9)
  5 wights (D:9)
  A centaur zombie (D:9)
  8 crimson imps
  A lava snake (Volcano)
  A quasit (D:9)
  5 orc priests
  2 giant frog skeletons
  7 hounds
  11 orc wizards
  2 centaur skeletons
  2 iguanas
  5 worker ants
  2 sheep (D:9)
  A hound zombie (D:8)
  A hound skeleton (D:9)
  5 gnolls
  A worker ant zombie (D:10)
  11 adders
  6 worms
  An adder zombie (D:7)
  3 giant geckos
  35 orcs
  2 ball pythons
  4 bat skeletons
  2 bat zombies (D:6)
  4 giant cockroaches
  8 hobgoblins
  20 kobolds
  3 quokkas
  11 bats
  A giant cockroach zombie (D:6)
  8 giant newts
  20 goblins
  7 jackals
  A quokka skeleton (D:5)
  2 quokka zombies
  11 rats
289 creatures vanquished.

Vanquished Creatures (collateral kills)
  A guardian serpent (D:10)
1 creature vanquished.

Vanquished Creatures (others)
  An ugly thing (Volcano)
  A smoke demon (Volcano)
  An orange demon (Volcano)
  A ynoxinul (Volcano)
  A neqoxec (Volcano)
  A slave (D:8)
  An ogre (D:8)
  2 ufetubi (Volcano)
9 creatures vanquished.

Grand Total: 299 creatures vanquished

Notes
Turn   | Place    | Note
--------------------------------------------------------------
     0 | D:1      | ajon, the Demonspawn Warper, began the quest for the Orb.
     0 | D:1      | Reached XP level 1. HP: 16/16 MP: 3/3
   412 | D:1      | Gained mutation: You have sharp toenails. [demonic ancestry]
   412 | D:1      | Reached XP level 2. HP: 11/22 MP: 4/4
  1256 | D:1      | Reached skill level 3 in Maces & Flails
  1276 | D:1      | Learned a level 2 spell: Blink
  1279 | D:1      | Learned a level 2 spell: Shroud of Golubria
  1295 | D:1      | Reached XP level 3. HP: 11/27 MP: 1/5
  2667 | D:3      | Reached skill level 4 in Maces & Flails
  2667 | D:3      | Gained mutation: You have razor-sharp toenails. [demonic ancestry]
  2667 | D:3      | Reached XP level 4. HP: 33/33 MP: 3/6
  3304 | D:3      | Noticed Gunnerkreig's ghost (average DEFE)
  3379 | D:4      | Found a bloodstained altar of Trog.
  3793 | D:4      | Reached XP level 5. HP: 11/38 MP: 7/7
  3797 | D:4      | Reached skill level 5 in Maces & Flails
  4163 | D:4      | Gained mutation: Your flesh is cold resistant. [demonic ancestry]
  4163 | D:4      | Reached XP level 6. HP: 30/44 MP: 8/8
  4466 | D:4      | Reached skill level 6 in Maces & Flails
  4734 | D:5      | Entered Level 5 of the Dungeon
  4778 | D:5      | Got a shadowed robe
  4803 | D:5      | Identified the cursed +1 robe "Dyisud" {MP+9 Slay+3} (You found it on level 5 of the Dungeon)
  4954 | D:5      | Noticed a water moccasin
  4963 | D:5      | Killed a water moccasin
  5345 | D:5      | Reached skill level 7 in Maces & Flails
  5345 | D:5      | Gained mutation: You are surrounded by a mild repulsion field (EV +2). [demonic ancestry]
  5345 | D:5      | Reached XP level 7. HP: 37/50 MP: 9/9
  5587 | D:5      | Reached skill level 8 in Maces & Flails
  5833 | D:6      | Noticed Grinder
  5866 | D:6      | Killed Grinder
  5866 | D:6      | Reached skill level 9 in Maces & Flails
  5866 | D:6      | Gained mutation: You have claws for feet. [demonic ancestry]
  5866 | D:6      | Reached XP level 8. HP: 23/56 MP: 10/10
  6548 | D:6      | Reached skill level 10 in Maces & Flails
  6902 | D:7      | Found a glowing golden altar of the Shining One.
  6902 | D:7      | Found a blossoming altar of Fedhas.
  7157 | D:7      | Reached XP level 9. HP: 58/61 MP: 11/11
  7176 | D:7      | Found a shadowy altar of Dithmenos.
  7297 | D:7      | Reached skill level 11 in Maces & Flails
  7439 | D:7      | Found a shimmering altar of Xom.
  7441 | D:7      | Found a shimmering altar of Xom.
  7442 | D:7      | Found a shimmering altar of Xom.
  7443 | D:7      | Found a shimmering altar of Xom.
  7443 | D:7      | Found a shimmering altar of Xom.
  7443 | D:7      | Found a shimmering altar of Xom.
  7443 | D:7      | Found a shimmering altar of Xom.
  7443 | D:7      | Found a shimmering altar of Xom.
  7443 | D:7      | Found a shimmering altar of Xom.
  7451 | D:7      | You fall through a shaft for 2 floors!
  7497 | D:9      | Learned a level 3 spell: Portal Projectile
  7501 | D:9      | Learned a level 3 spell: Teleport Other
  7819 | D:8      | Noticed Pikel
  7825 | D:7      | Found a snail-covered altar of Cheibriados.
  8238 | D:7      | Found a staircase to the Ecumenical Temple.
  8274 | Temple   | Entered the Ecumenical Temple
  8358 | Temple   | Became a worshipper of Makhleb the Destroyer
  8558 | D:8      | Found a shadowy altar of Dithmenos.
  8611 | D:8      | Noticed Joseph
  8632 | D:8      | Killed Joseph
  8632 | D:8      | Reached skill level 12 in Maces & Flails
  8837 | D:8      | Killed Pikel
  8947 | D:8      | Noticed Maurice
  8962 | D:8      | Killed Maurice
  9009 | D:8      | Gained mutation: You are immune to freezing clouds. [demonic ancestry]
  9009 | D:8      | Reached XP level 10. HP: 56/62 MP: 12/12
  9221 | D:7      | Reached skill level 13 in Maces & Flails
  9372 | D:8      | Noticed Erica
  9395 | D:8      | Killed Erica
  9500 | D:8      | Found a basalt altar of Yredelemnul.
  9655 | D:8      | Acquired Makhleb's first power
 10458 | D:9      | Got a pair of pitted gloves
 10469 | D:9      | Identified the cursed +0 pair of gloves "Pesh" {Str-5 Dex+6} (You found it on level 9 of the Dungeon)
 10562 | D:9      | Reached skill level 5 in Translocations
 10828 | D:9      | Found Baatecad's General Store.
 10834 | D:9      | Bought a potion of curing for 48 gold pieces
 10840 | D:9      | Acquired Makhleb's second power
 10875 | D:9      | Reached skill level 5 in Spellcasting
 11266 | D:9      | Noticed a cyclops
 11266 | D:9      | Noticed a cyclops
 11300 | D:9      | Killed a cyclops
 11513 | D:8      | Learned a level 4 spell: Passage of Golubria
 11516 | D:8      | Learned a level 2 spell: Stoneskin
 11626 | D:9      | Reached XP level 11. HP: 65/72 MP: 17/17
 11641 | D:9      | Noticed a brown ugly thing
 11855 | D:9      | Acquired Makhleb's third power
 11861 | D:9      | Reached skill level 1 in Earth Magic
 12123 | D:9      | HP: 2/72 [orc wizard/magic dart (6)]
 12423 | D:9      | Gained mutation: You evolve. [potion of mutation]
 12423 | D:9      | Gained mutation: You are agile. (Dex +2) [potion of mutation]
 12476 | D:10     | Entered Level 10 of the Dungeon
 12577 | D:10     | Found a staircase to the Lair.
 12777 | D:10     | Found a flagged portal.
 12787 | Bailey   | Entered a bailey
 12905 | Bailey   | Gained mutation: Your mind is acute. (Int +2) [evolution]
 13142 | Bailey   | Found an iron altar of Okawaru.
 13217 | Bailey   | Reached skill level 5 in Invocations
 13461 | Lair:1   | Entered Level 1 of the Lair of Beasts
 13524 | Lair:1   | Found a dark tunnel.
 13536 | Volcano  | Entered a volcano
 14026 | Volcano  | Found a radiant altar of Vehumet.
 14403 | Volcano  | Slain by a gargoyle

Action                   |  1- 3 |  4- 6 |  7- 9 | 10-12 || total
-------------------------+-------+-------+-------+-------++-------
Melee: Mace              |   118 |    41 |       |       ||   159
       Whip              |       |   189 |   412 |   503 ||  1104
Throw: Tomahawk          |    25 |    12 |       |   111 ||   148
       Javelin           |       |       |     6 |    54 ||    60
 Cast: Shroud of Golubri |     7 |     2 |     9 |    27 ||    45
       Blink             |       |       |     1 |     3 ||     4
       Stoneskin         |       |       |       |     3 ||     3
       Apportation       |       |       |       |     9 ||     9
       Passage of Golubr |       |       |       |     2 ||     2
Invok: Minor Destruction |       |       |       |     1 ||     1
       Lesser Servant of |       |       |       |     7 ||     7
  Use: Scroll            |       |     7 |     1 |    10 ||    18
       Potion            |       |     3 |     4 |    10 ||    17
 Stab: Distracted        |       |       |       |     1 ||     1
       Invisible         |       |       |       |     1 ||     1
  Eat: Chunk             |     5 |     5 |     4 |       ||    14
       Pizza             |       |     1 |       |     2 ||     3
       Bread ration      |       |     1 |     1 |     2 ||     4
       Beef jerky        |       |     1 |       |     2 ||     3
       Meat ration       |       |       |     2 |       ||     2
